Map: Submarine LE

Players

RyuKey - Winner!

  • Race: Zerg Zerg
  • League: Diamond
  • Spawn Location: 5:00

VOD

Have the link to the VOD?

Description

Time

  • Played on: June 12, 2020, 7:23 a.m.
  • Length: 6:58
Show
View Real Time Build Order
Export as new Build Order

RyuKey Zerg - Winner!

Build Orders:  

Get SALT Encoding   

  12  0:04  Drone  
  13  0:20  Drone  
  14  0:40  Spawning Pool  
  14  0:46  Drone  
  14  0:55  Overlord  
  14  1:03  Overlord  
  14  1:46  Zergling x6  
  17  1:51  Queen  
  19  2:02  Extractor  
  19  2:05  Zergling x2  
  19  2:23  Zergling x2  
  20  2:51  Zergling x4  
  22  3:05  Hatchery  
  22  3:09  Zergling x2  
  19  3:36  Zergling x4  
  19  3:37  Zergling x4  
  23  3:50  Zergling x2  
  23  4:07  Queen  
  25  4:12  Overlord  
  25  4:19  Metabolic Boost  
  25  4:38  Zergling x4  
  25  4:39  Zergling x4  
  29  5:02  Zergling x4  
  29  5:03  Zergling x4  
  31  5:19  Zergling x2  
  29  5:20  Zergling x6  
  31  5:37  Zergling x6  
  33  5:48  Zergling x2  
  29  6:11  Zergling x6  
  29  6:12  Zergling x2  
  32  6:32  Zergling x6  
  32  6:33  Zergling x2  
Tags
 
League
Diamond
Matchup
Co-op
Add a new tag
Caveats
  • Supply blocks, unpowered buildings, or Contaminate may cause inaccurate times.
  • Supply counts are checked every 10 seconds.